 Dungeon Crawl Stone Soup version 0.30-a0-145-g03d90e2e6d (webtiles) character file.

Game seed: 18152635209025931777

315 qw the Chopper (level 6, -6/38 HPs)
             Began as a Gargoyle Fighter on Sept 26, 2022.
             Mangled by an ogre
             ... wielding a +0 giant spiked club
              (22 damage)
             ... on level 4 of the Dungeon.
             The game lasted 00:01:12 (3300 turns).

qw the Chopper (Gargoyle Fighter)                   Turns: 3300, Time: 00:01:13

Health: -6/38      AC: 16    Str: 21    XL:     6   Next: 43%
Magic:  6/6        EV:  5    Int:  9    God:
Gold:   122        SH:  4    Dex:  9    Spells: 5/5 levels left

rFire   . . .      SeeInvis .    Y - +1 war axe
rCold   . . .      Faith    .    c - +0 buckler
rNeg    + . .      Spirit   .    h - +1 plate armour
rPois   inf        Reflect  .    (no helmet)
rElec   +          Harm     .    (no cloak)
rCorr   .          Rampage  .    (no gloves)
Will    .....                    (no boots)
Stlth   ..........               (no amulet)
HPRegen 0.12/turn                (no ring)
MPRegen 0.10/turn                (no ring)

@: no status effects
A: sickness immunity, AC +4, negative energy resistance 1, electricity
resistance, torment resistance 1, petrification resistance
a: no special abilities


You were on level 4 of the Dungeon.
You visited 1 branch of the dungeon, and saw 4 of its levels.

You collected 122 gold pieces.


Innate Abilities, Weirdness & Mutations

You are immune to sickness and miasma.
Your stone body is resilient. (AC +4)
You are immune to poison.
You resist negative energy. (rN+)
You are resistant to electric shocks. (rElec)
You are resistant to unholy torment.
You are immune to petrification.


   Skills:
 - Level 4.0 Fighting
 + Level 5.3 Axes
 - Level 1.6 Throwing
 - Level 3.2 Armour
 - Level 3.2 Shields


You had 5 spell levels left.
You didn't know any spells.
Your spell library was empty.

Inventory:

Hand Weapons
 i - a +0 flail
 Y - a +1 war axe (weapon)
Missiles
 b - 2 boomerangs of dispersal
 e - 4 silver boomerangs
 m - 5 javelins (quivered)
Armour
 c - a +0 buckler (worn)
 h - a +1 plate armour (worn)
Potions
 a - a potion of magic {unknown}
 d - a potion of might
 f - a potion of heal wounds {unknown}
 g - a potion of ambrosia {unknown}
 j - a potion of mutation {unknown}
 k - a potion of attraction {unknown}
 l - a potion of lignification {unknown}

Dungeon Overview and Level Annotations

Branches:
Dungeon (4/15)
 Temple: D:4-7

Altars:


Message History

You climb downwards.
There is a stone staircase leading up here.
Existing waypoints: (1) D:2 (2) D:3 Assign waypoint to what number? (0-9, D - delete waypoint) Waypoint 1 re-assigned from D:2 to D:4.
A hound comes into view.
The hound barks!
Throw: 6 javelins
Press: ? - help, Q - select action, (/) - cycle Shift-Dir - straight line, f - hound You throw a javelin.
The javelin pierces through the hound but does no damage.
You block the hound's attack.
You hit the hound.
The hound is moderately wounded.
The hound bites you but does no damage. x2
You hit the hound.
The hound is heavily wounded.
The hound closely misses you.
An ogre comes into view. It is wielding a +0 giant spiked club.
The hound bites you but does no damage.
You closely miss the hound.
The hound is heavily wounded.
The hound bites you. The hound bites you but does no damage.
You hit the hound.
The hound is heavily wounded.
The hound bites you but does no damage. The hound bites you.
You slash the hound!
You kill the hound!
The ogre barely misses you.
You hit the ogre.
The ogre is lightly wounded.
The ogre hits you with a +0 giant spiked club!
You barely miss the ogre.
The ogre is lightly wounded.
You barely miss the ogre.
The ogre is lightly wounded.
The ogre hits you with a +0 giant spiked club!!
Ouch! That really hurt!
You die...

# ##. #
#.. ##...#
..#.. #..#
#O######.#
#@..<....#
########.#


You could see an ogre.

Vanquished Creatures
  2 hounds
  An orc priest (D:3)
  An orc wizard (D:3)
  Natasha (thrice) (D:2)
  2 adders (D:2)
  A worm (D:3)
  3 dart slugs
  9 orcs (D:3)
  6 endoplasms
  5 giant cockroaches
  8 goblins
  6 hobgoblins
  4 jackals (D:1)
  8 quokkas
  4 ball pythons
  9 bats
  4 frilled lizards
  6 kobolds
  5 rats
87 creatures vanquished.

Notes
Turn   | Place    | Note
-------+----------+-------------------------------------------
     0 | D:1      | qw the Gargoyle Fighter began the quest for the Orb.
     0 | D:1      | Reached XP level 1. HP: 14/14 MP: 1/1
     0 | D:1      | 0 ||| qw: Version: 0.2-a-10-g399e6c4
     0 | D:1      | 0 ||| qw: Game counter: 503
     0 | D:1      | 0 ||| qw: Always use a shield: true
     0 | D:1      | 0 ||| qw: God list: Okawaru
     0 | D:1      | 0 ||| qw: Allow faded altars: false
     0 | D:1      | 0 ||| qw: Do Orc after D:15 true
     0 | D:1      | 0 ||| qw: Do second Lair branch before Depths: true
     0 | D:1      | 0 ||| qw: Lair rune preference: random
     0 | D:1      | 0 ||| qw: Plans: Normal, Zot:1-4, God:TSO, Crypt, Tomb,
                  | Pan, Slime:5, Hells, Abyss, Orb
     0 | D:1      | 0 ||| PLANNING D:1-11
    52 | D:1      | Reached skill level 2 in Axes
   263 | D:1      | Reached XP level 2. HP: 19/19 MP: 2/2
   343 | D:1      | Found a faded altar of an unknown god.
   508 | D:1      | Reached skill level 3 in Axes
   515 | D:1      | Reached XP level 3. HP: 22/23 MP: 3/3
   660 | D:1      | 660 ||| Stepping ~*~*~tactically~*~*~ (stealth).
   912 | D:1      | 912 ||| UPGRADING to +0 plate armour.
   922 | D:1      | 922 ||| DROPPING +0 scale mail.
   923 | D:1      | 923 ||| READING 2 scrolls labelled GIBYRH RONYH.
   924 | D:1      | 924 ||| READING scroll labelled AVOTUPSU UKHLUE.
   925 | D:1      | 925 ||| READING scroll labelled YREITT WOCKI.
   926 | D:1      | 926 ||| READING scroll labelled EMATHR HIBONUL.
   931 | D:1      | 931 ||| DROPPING scroll of fear.
   972 | D:2      | 972 ||| Stepping ~*~*~tactically~*~*~ (hiding).
  1244 | D:2      | Reached XP level 4. HP: 20/28 MP: 4/4
  1245 | D:2      | Reached skill level 4 in Axes
  1376 | D:2      | 1376 ||| Stepping ~*~*~tactically~*~*~ (stealth).
  1441 | D:2      | 1441 ||| Stepping ~*~*~tactically~*~*~ (stealth).
  1464 | D:2      | 1464 ||| Stepping ~*~*~tactically~*~*~ (stealth).
  1465 | D:2      | 1465 ||| Stepping ~*~*~tactically~*~*~ (stealth).
  1470 | D:2      | 1470 ||| Stepping ~*~*~tactically~*~*~ (stealth).
  1476 | D:2      | 1476 ||| Stepping ~*~*~tactically~*~*~ (stealth).
  1480 | D:2      | 1480 ||| DROPPING +0 whip.
  1488 | D:2      | Identified the +7 sling "Waerajewk" {venom, Will+ Str-2
                  | Dex+4}
  1489 | D:2      | 1489 ||| Stepping ~*~*~tactically~*~*~ (hiding).
  1493 | D:2      | 1493 ||| Stepping ~*~*~tactically~*~*~ (hiding).
  1534 | D:2      | 1534 ||| Stepping ~*~*~tactically~*~*~ (stealth).
  1535 | D:2      | 1535 ||| Stepping ~*~*~tactically~*~*~ (stealth).
  1536 | D:2      | 1536 ||| Stepping ~*~*~tactically~*~*~ (stealth).
  1537 | D:2      | 1537 ||| Stepping ~*~*~tactically~*~*~ (stealth).
  1538 | D:2      | 1538 ||| Stepping ~*~*~tactically~*~*~ (stealth).
  1614 | D:2      | 1614 ||| Stepping ~*~*~tactically~*~*~ (stealth).
  1630 | D:2      | 1630 ||| Stepping ~*~*~tactically~*~*~ (stealth).
  1708 | D:2      | Noticed Natasha
  1716 | D:2      | Killed Natasha
  1717 | D:2      | Reached XP level 5. HP: 31/32 MP: 5/5
  1801 | D:2      | Noticed Natasha
  1808 | D:2      | Killed Natasha
  1875 | D:2      | Noticed Natasha
  1888 | D:2      | Killed Natasha
  1889 | D:2      | Reached skill level 5 in Axes
  1990 | D:2      | 1990 ||| Stepping ~*~*~tactically~*~*~ (hiding).
  2120 | D:2      | 2120 ||| READING 2 scrolls labelled JAKEURE NORA.
  2121 | D:2      | 2121 ||| READING scroll of enchant armour.
  2121 | D:2      | 2121 ||| ENCHANTING +0 plate armour.
  2122 | D:2      | 2122 ||| READING scroll labelled HAOGUU HAIMER.
  2123 | D:2      | 2123 ||| READING scroll labelled IRUGEI NUAR.
  2124 | D:2      | 2124 ||| DRINKING 2 glowing orange potions.
  2201 | D:3      | 2201 ||| Stepping ~*~*~tactically~*~*~ (stealth).
  2398 | D:3      | Reached skill level 1 in Throwing
  2398 | D:3      | Reached XP level 6. HP: 34/37 MP: 6/6
  2730 | D:3      | 2730 ||| Stepping ~*~*~tactically~*~*~ (hiding).
  2808 | D:3      | 2808 ||| DRINKING potion of curing.
  2808 | D:3      | 2808 ||| (to cure confusion)
  3300 | D:4      | Mangled by an ogre

Levels and vault maps discovered:
D:1:      saegor_arrival_simple_a, layout_loops_ring,
          shapermc_ecumenical_altar_totnotflames, kennysheep_crisscross
D:2:      layout_loops_cross, uniq_natasha
D:3:      layout_loops_corners
D:4:      layout_loops_ring

Skill      XL: |  1  2  3  4  5  6 |
---------------+-------------------+-----
Axes           | 2 3 4 5 |  5.3
Throwing       | 1 |  1.6
Fighting       | 4 |  4.0
Armour         | |  3.2
Shields        | |  3.2

Action                   |  1- 3 |  4- 6 || total
-------------------------+-------+-------++-------
Melee: War axe           |    88 |   157 ||   245
Throw: Boomerang         |       |    27 ||    27
       Javelin           |       |    10 ||    10
  Use: Scroll            |     4 |     4 ||     8
       Potion            |       |     2 ||     2
Armor: Scale mail        |    43 |       ||    43
       Plate armour      |     8 |   116 ||   124
Dodge: Dodged            |    41 |    36 ||    77
Block: Buckler           |    13 |    25 ||    38

Table legend:
 A = Non-vault XP
 B = Vault XP
 C = Vault XP percentage of total XP
 D = Non-vault monster count
 E = Vault monster count
 F = Vault count percentage of total count
                 A         B        C        D         E       F
            +---------+---------+-------+---------+---------+-------
      Total |     415 |      35 |   7.8 |      86 |       1 |   1.1
            +---------+---------+-------+---------+---------+-------
        D:1 |      46 |       0 |   0.0 |      26 |       0 |   0.0
        D:2 |     180 |      35 |  16.3 |      28 |       1 |   3.4
        D:3 |     147 |       0 |   0.0 |      31 |       0 |   0.0
        D:4 |      42 |       0 |   0.0 |       1 |       0 |   0.0
            +---------+---------+-------+---------+---------+-------
